Bruins vs Flyers

Created - February 8 2012 at 19:23

Goals
1 2 3 T
Bruins 2 0 1 3
Flyers 1 2 3 6
Shots
1 2 3 T
Bruins 12 9 6 27
Flyers 11 13 17 41

Period #1

1. Bruins , David Krejci 13 (Ales Hemsky, Tobias Enstrom) at 6:58
2. Flyers , Justin Williams 26 (Tim Connolly, Andrej Sekera) at 8:08
3. Bruins , Ales Hemsky 20 (Chris Kunitz, David Krejci) at 12:45

Penalties :
Chris Kunitz (BOS) for High sticking (Minor) at 4:29, Justin Williams (PHI) for Holding (Minor) at 14:24, Zach Bogosian (BOS) for Hooking (Minor) at 18:27

Period #2

4. Flyers , Pascal Dupuis 13 (Marc-Andre Bergeron, Randy Jones) at 4:19
5. Flyers , Marc-Andre Bergeron 10 (Kyle Brodziak, Pascal Dupuis) at 16:32

Penalties :
Randy Jones (PHI) for Hooking (Minor) at 4:34, Milan Lucic (BOS) for Hooking (Minor) at 10:21, Dennis Seidenberg (BOS) for Tripping (Minor) at 19:34

Period #3

6. Flyers , Nikolai Kulemin 22 (Chris Pronger) at 1:55 (PP)
7. Flyers , Ilya Kovalchuk 17 (Chris Pronger, Nikolai Kulemin) at 9:16 (PP)
8. Bruins , Chris Kunitz 29 (Tobias Enstrom, Rich Peverley) at 11:05 (PP)
9. Flyers , Randy Jones 3 (Pascal Dupuis, Brandon McMillan) at 14:17

Penalties :
Adam McQuaid (BOS) for Interference (Minor) at 0:03, Milan Lucic (BOS) for Hooking (Minor) at 9:02, Rostislav Klesla (PHI) for Hooking (Minor) at 9:38, Ladislav Smid (PHI) for Hooking (Minor) at 10:30

Goalie Stats

Cam Ward (BOS), 35 saves from 41 shots - (0.854), L, 31-13-1, 60:00 minutes
Tomas Vokoun (PHI), 24 saves from 27 shots - (0.889), W, 23-15-6, 60:00 minutes

Players Stats

Bruins
Player Name              G  A  P  +/- PIM S  H  SB FO    MP 
------------------------------------------------------------
Adam McQuaid             0  0  0  -2  2   1  0  0  0/0   16 
Ales Hemsky              1  1  2   2  0   1  0  0  0/0   18 
Brad Marchand            0  0  0  -2  0   0  2  0  0/1   16 
Chris Kelly              0  0  0  -1  0   0  0  0  6/12  15 
Chris Kunitz             1  1  2   2  2   2  4  0  1/1   19 
David Krejci             1  1  2   2  0   3  0  0  12/19 16 
Dennis Seidenberg        0  0  0  -2  2   2  0  3  0/0   22 
Derick Brassard          0  0  0  -1  0   1  0  1  4/8   4  
Evander Kane             0  0  0  -2  0   1  3  0  0/0   12 
Gregory Campbell         0  0  0  -2  0   1  0  0  2/3   17 
Jordan Leopold           0  0  0  -2  0   0  0  2  0/0   17 
Milan Lucic              0  0  0  -1  4   1  1  0  0/0   11 
Nathan Horton            0  0  0   0  0   1  1  0  1/1   4  
Rich Peverley            0  1  1  -2  0   4  0  0  17/34 20 
Tobias Enstrom           0  2  2   2  0   3  0  1  0/0   20 
Tyler Seguin             0  0  0  -1  0   1  1  1  2/11  19 
Zach Bogosian            0  0  0   2  2   4  2  1  0/0   20 
Zdeno Chara              0  0  0  -2  0   1  0  3  0/0   24 
Flyers
Player Name              G  A  P  +/- PIM S  H  SB FO    MP 
------------------------------------------------------------
Andrej Sekera            0  1  1   1  0   3  1  1  0/0   21 
Brandon McMillan         0  1  1   2  0   2  1  0  1/1   13 
Brendan Morrison         0  0  0  -1  0   3  1  0  13/26 17 
Chris Pronger            0  2  2  -1  0   2  1  0  0/0   20 
Ilya Kovalchuk           1  0  1  -1  0   11 0  0  0/0   17 
John Madden              0  0  0   0  0   0  0  0  5/9   7  
Justin Williams          1  0  1   1  2   4  0  0  0/1   20 
Kyle Brodziak            0  1  1   2  0   3  0  0  11/21 16 
Ladislav Smid            0  0  0   1  2   0  2  1  0/0   18 
Lee Stempniak            0  0  0   0  0   0  0  0  0/2   7  
Marc-Andre Bergeron      1  1  2   2  0   4  2  1  0/0   21 
Matt DAgostini           0  0  0   1  0   0  1  0  1/3   20 
Nikolai Kulemin          1  1  2  -1  0   2  2  0  3/3   17 
Pascal Dupuis            1  2  3   2  0   2  5  0  1/1   16 
Raffi Torres             0  0  0   0  0   0  2  0  0/1   4  
Randy Jones              1  1  2   2  2   1  3  0  0/0   18 
Rostislav Klesla         0  0  0  -1  2   1  0  2  0/0   21 
Tim Connolly             0  1  1   1  0   3  1  0  10/22 20 

3 Stars

1 - Pascal Dupuis (PHI)
2 - Marc-Andre Bergeron (PHI)
3 - Chris Kunitz (BOS)

Power Play

Bruins - 1 on 4 Attempt(s) - 25.00%
Flyers - 2 on 6 Attempt(s) - 33.33%

Penalty Kill

Bruins - 4 on 6 Attempt(s) - 66.67% - Score 0 goal in Penalty Kill
Flyers - 3 on 4 Attempt(s) - 75.00% - Score 0 goal in Penalty Kill

Game Notes

Nathan Horton is injured at 10:23 of 2nd period (Bruised Right Foot)

Finance

Level 1 -- Attendance: 4465 (68.69%) -- Ticket Income $424,175.00
Level 2 -- Attendance: 4317 (86.34%) -- Ticket Income $233,118.00
Level 3 -- Attendance: 2812 (80.34%) -- Ticket Income $98,420.00
Level 4 -- Attendance: 2770 (78.31%) -- Ticket Income $41,550.00
Luxury Box -- Attendance: 743 (74.30%) -- Ticket Income $142,656.00
Game was played at the Wells Fargo Center
Total Attendance: 15107 (77.33%)
Total Ticket Income: $957,191.50
Other Income: $199,515.60
Total Income: $1,156,708.00


Play by Play

Period #1

0:01 of 1st period - Derick Brassard wins face-off versus Brendan Morrison in neutral zone.
0:22 of 1st period - Shot by Derick Brassard.
0:22 of 1st period - Stopped by Tomas Vokoun without a rebound.
0:23 of 1st period - Tim Connolly wins face-off versus David Krejci in Flyers zone.
1:04 of 1st period - Ales Hemsky is hit by Andrej Sekera and loses puck.
1:23 of 1st period - Shot by Derick Brassard.
1:23 of 1st period - Shot Hit the Post.
1:27 of 1st period - Shot by Zdeno Chara.
1:27 of 1st period - Stopped by Tomas Vokoun without a rebound.
1:28 of 1st period - Brendan Morrison wins face-off versus Rich Peverley in Flyers zone.
1:47 of 1st period - Shot by Ilya Kovalchuk.
1:47 of 1st period - Stopped by Cam Ward without a rebound.
1:48 of 1st period - Gregory Campbell wins face-off versus Kyle Brodziak in Bruins zone.
1:48 of 1st period - Gregory Campbell is hit by Pascal Dupuis.
2:12 of 1st period - Shot by Kyle Brodziak.
2:12 of 1st period - Stopped by Cam Ward without a rebound.
2:13 of 1st period - Nikolai Kulemin wins face-off versus Rich Peverley in Bruins zone.
2:36 of 1st period - Shot by Brendan Morrison.
2:36 of 1st period - Deflect By Nikolai Kulemin.
2:36 of 1st period - Stopped by Cam Ward with a rebound.
2:42 of 1st period - Chris Pronger is hit by Brad Marchand and loses puck.
2:49 of 1st period - Shot by Rich Peverley.
2:49 of 1st period - Shot Blocked by Rostislav Klesla.
2:51 of 1st period - Shot by Rich Peverley.
2:51 of 1st period - Stopped by Tomas Vokoun without a rebound.
2:52 of 1st period - Chris Kunitz wins face-off versus Kyle Brodziak in Flyers zone.
3:11 of 1st period - Shot by Chris Kunitz.
3:11 of 1st period - Deflect By David Krejci.
3:11 of 1st period - Shot Misses the Net.
3:13 of 1st period - Shot by Chris Kunitz.
3:13 of 1st period - Shot Misses the Net.
3:17 of 1st period - Shot by David Krejci.
3:17 of 1st period - Shot Misses the Net.
3:19 of 1st period - Shot by Zach Bogosian.
3:19 of 1st period - Stopped by Tomas Vokoun without a rebound.
3:20 of 1st period - Tim Connolly wins face-off versus Chris Kelly in Flyers zone.
3:38 of 1st period - Shot by Tim Connolly.
3:38 of 1st period - Shot Misses the Net.
4:29 of 1st period - Minor Penalty to Chris Kunitz for High sticking.
4:30 of 1st period - Brendan Morrison wins face-off versus Rich Peverley in Bruins zone.
4:31 of 1st period - Shot by Chris Pronger.
4:31 of 1st period - Shot Misses the Net.
4:33 of 1st period - Shot by Chris Pronger.
4:33 of 1st period - Shot Misses the Net.
4:37 of 1st period - Shot by Marc-Andre Bergeron.
4:37 of 1st period - Shot Misses the Net.
4:39 of 1st period - Shot by Marc-Andre Bergeron.
4:39 of 1st period - Stopped by Cam Ward with a rebound.
4:43 of 1st period - Shot by Ilya Kovalchuk.
4:43 of 1st period - Shot Misses the Net.
4:45 of 1st period - Shot by Chris Pronger.
4:45 of 1st period - Stopped by Cam Ward with a rebound.
4:47 of 1st period - Shot by Brendan Morrison.
4:47 of 1st period - Shot Blocked by Zdeno Chara.
4:55 of 1st period - Shot by Ilya Kovalchuk.
4:55 of 1st period - Stopped by Cam Ward without a rebound.
4:56 of 1st period - Tim Connolly wins face-off versus Tyler Seguin in Bruins zone.
5:31 of 1st period - Milan Lucic is hit by Matt DAgostini and loses puck.
5:54 of 1st period - Shot by Brad Marchand.
5:54 of 1st period - Shot Misses the Net.
5:58 of 1st period - Shot by Zach Bogosian.
5:58 of 1st period - Stopped by Tomas Vokoun without a rebound.
5:59 of 1st period - Nikolai Kulemin wins face-off versus Rich Peverley in Flyers zone.
6:31 of 1st period - Shot by Ilya Kovalchuk.
6:31 of 1st period - Stopped by Cam Ward without a rebound.
6:32 of 1st period - David Krejci wins face-off versus Kyle Brodziak in Bruins zone.
6:32 of 1st period - David Krejci is hit by Pascal Dupuis.
6:58 of 1st period - Shot by David Krejci.
6:58 of 1st period - Goal by David Krejci - Bruins : 1 - Flyers : 0.
6:59 of 1st period - Brendan Morrison wins face-off versus Rich Peverley in neutral zone.
6:59 of 1st period - Ilya Kovalchuk is hit by Evander Kane and loses puck.
7:04 of 1st period - Shot by Chris Pronger.
7:04 of 1st period - Stopped by Cam Ward without a rebound.
7:05 of 1st period - Chris Kelly wins face-off versus John Madden in Bruins zone.
7:05 of 1st period - Chris Kelly is hit by Raffi Torres.
7:37 of 1st period - Shot by Raffi Torres.
7:37 of 1st period - Shot Hit the Post.
7:42 of 1st period - Off-side.
7:43 of 1st period - Rich Peverley wins face-off versus Matt DAgostini in neutral zone.
8:08 of 1st period - Shot by Justin Williams.
8:08 of 1st period - Goal by Justin Williams - Bruins : 1 - Flyers : 1.
8:09 of 1st period - David Krejci wins face-off versus Brendan Morrison in neutral zone.
8:22 of 1st period - Shot by Chris Kunitz.
8:22 of 1st period - Shot Misses the Net.
8:24 of 1st period - Shot by Zach Bogosian.
8:24 of 1st period - Stopped by Tomas Vokoun without a rebound.
8:25 of 1st period - Derick Brassard wins face-off versus Kyle Brodziak in Flyers zone.
8:30 of 1st period - Shot by Milan Lucic.
8:30 of 1st period - Shot Misses the Net.
8:38 of 1st period - Shot by Milan Lucic.
8:38 of 1st period - Deflect By Nathan Horton.
8:38 of 1st period - Stopped by Tomas Vokoun without a rebound.
8:39 of 1st period - David Krejci wins face-off versus Brendan Morrison in Flyers zone.
8:44 of 1st period - Shot by Chris Kunitz.
8:44 of 1st period - Stopped by Tomas Vokoun without a rebound.
8:45 of 1st period - Rich Peverley wins face-off versus Tim Connolly in Flyers zone.
10:19 of 1st period - Icing by Chris Pronger.
10:20 of 1st period - David Krejci wins face-off versus Brendan Morrison in Flyers zone.
10:28 of 1st period - Shot by Ales Hemsky.
10:28 of 1st period - Shot Misses the Net.
10:30 of 1st period - Shot by David Krejci.
10:30 of 1st period - Stopped by Tomas Vokoun without a rebound.
10:31 of 1st period - Kyle Brodziak wins face-off versus David Krejci in Flyers zone.
11:03 of 1st period - Shot by Kyle Brodziak.
11:03 of 1st period - Stopped by Cam Ward without a rebound.
11:04 of 1st period - Rich Peverley wins face-off versus Lee Stempniak in Bruins zone.
11:26 of 1st period - Icing by Rostislav Klesla.
11:27 of 1st period - John Madden wins face-off versus Chris Kelly in Flyers zone.
11:34 of 1st period - Icing by Chris Kelly.
11:35 of 1st period - Chris Kelly wins face-off versus Tim Connolly in Bruins zone.
12:33 of 1st period - Off-side.
12:34 of 1st period - David Krejci wins face-off versus Brendan Morrison in neutral zone.
12:45 of 1st period - Shot by Chris Kunitz.
12:45 of 1st period - Deflect By Ales Hemsky.
12:45 of 1st period - Goal by Ales Hemsky - Bruins : 2 - Flyers : 1.
12:46 of 1st period - Rich Peverley wins face-off versus Kyle Brodziak in neutral zone.
12:52 of 1st period - Jordan Leopold is hit by Marc-Andre Bergeron and loses puck.
13:03 of 1st period - Shot by Jordan Leopold.
13:03 of 1st period - Shot Misses the Net.
13:13 of 1st period - Shot by Evander Kane.
13:13 of 1st period - Stopped by Tomas Vokoun without a rebound.
13:14 of 1st period - David Krejci wins face-off versus Brendan Morrison in Flyers zone.
14:04 of 1st period - Icing by David Krejci.
14:05 of 1st period - David Krejci wins face-off versus Tim Connolly in Bruins zone.
14:10 of 1st period - Matt DAgostini is hit by Chris Kunitz and loses puck.
14:24 of 1st period - Minor Penalty to Justin Williams for Holding.
14:25 of 1st period - Kyle Brodziak wins face-off versus Tyler Seguin in Flyers zone.
15:35 of 1st period - Andrej Sekera is hit by Nathan Horton and loses puck.
16:28 of 1st period - Andrej Sekera is hit by Evander Kane and loses puck.
18:27 of 1st period - Minor Penalty to Zach Bogosian for Hooking.
18:28 of 1st period - Rich Peverley wins face-off versus Tim Connolly in Bruins zone.
19:11 of 1st period - Shot by Rich Peverley.
19:11 of 1st period - Shot Misses the Net.
19:28 of 1st period - Icing by Ilya Kovalchuk.
19:29 of 1st period - Brendan Morrison wins face-off versus Brad Marchand in Flyers zone.
19:36 of 1st period - Shot by Marc-Andre Bergeron.
19:36 of 1st period - Stopped by Cam Ward without a rebound.
19:37 of 1st period - Brendan Morrison wins face-off versus Tyler Seguin in Bruins zone.

Period #2

0:01 of 2nd period - Rich Peverley wins face-off versus Brendan Morrison in neutral zone.
0:46 of 2nd period - Shot by Tim Connolly.
0:46 of 2nd period - Stopped by Cam Ward without a rebound.
0:47 of 2nd period - Kyle Brodziak wins face-off versus Chris Kelly in Bruins zone.
1:14 of 2nd period - Shot by Adam McQuaid.
1:14 of 2nd period - Stopped by Tomas Vokoun with a rebound.
1:38 of 2nd period - Ales Hemsky is hit by Pascal Dupuis and loses puck.
1:42 of 2nd period - Icing by Zach Bogosian.
1:43 of 2nd period - Brendan Morrison wins face-off versus David Krejci in Bruins zone.
1:45 of 2nd period - Nikolai Kulemin is hit by Zach Bogosian and loses puck.
1:54 of 2nd period - Shot by Ilya Kovalchuk.
1:54 of 2nd period - Stopped by Cam Ward without a rebound.
1:55 of 2nd period - Rich Peverley wins face-off versus Tim Connolly in Bruins zone.
3:00 of 2nd period - Nikolai Kulemin is hit by Chris Kunitz and loses puck.
3:23 of 2nd period - Shot by Ilya Kovalchuk.
3:23 of 2nd period - Shot Misses the Net.
3:35 of 2nd period - David Krejci is hit by Nikolai Kulemin.
4:19 of 2nd period - Shot by Pascal Dupuis.
4:19 of 2nd period - Goal by Pascal Dupuis - Bruins : 2 - Flyers : 2.
4:20 of 2nd period - Rich Peverley wins face-off versus Tim Connolly in neutral zone.
4:22 of 2nd period - Zdeno Chara is hit by Tim Connolly and loses puck.
4:30 of 2nd period - Shot by Rich Peverley.
4:30 of 2nd period - Stopped by Tomas Vokoun without a rebound.
4:31 of 2nd period - Kyle Brodziak wins face-off versus Derick Brassard in Flyers zone.
4:31 of 2nd period - Marc-Andre Bergeron is hit by Milan Lucic.
4:34 of 2nd period - Minor Penalty to Randy Jones for Hooking.
4:35 of 2nd period - Rich Peverley wins face-off versus Kyle Brodziak in Flyers zone.
4:36 of 2nd period - Shot by Tobias Enstrom.
4:36 of 2nd period - Stopped by Tomas Vokoun without a rebound.
4:37 of 2nd period - Rich Peverley wins face-off versus Kyle Brodziak in Flyers zone.
5:00 of 2nd period - Shot by Zdeno Chara.
5:00 of 2nd period - Shot Blocked by Rostislav Klesla.
5:02 of 2nd period - Shot by Tobias Enstrom.
5:02 of 2nd period - Shot Blocked by Andrej Sekera.
5:06 of 2nd period - Shot by Chris Kunitz.
5:06 of 2nd period - Shot Misses the Net.
5:08 of 2nd period - Shot by Rich Peverley.
5:08 of 2nd period - Shot Misses the Net.
5:10 of 2nd period - Shot by Rich Peverley.
5:10 of 2nd period - Stopped by Tomas Vokoun without a rebound.
5:11 of 2nd period - Kyle Brodziak wins face-off versus Tyler Seguin in Flyers zone.
5:35 of 2nd period - Shot by Milan Lucic.
5:35 of 2nd period - Stopped by Tomas Vokoun without a rebound.
5:36 of 2nd period - John Madden wins face-off versus Tyler Seguin in Flyers zone.
6:20 of 2nd period - Shot by Tobias Enstrom.
6:20 of 2nd period - Stopped by Tomas Vokoun without a rebound.
6:21 of 2nd period - Kyle Brodziak wins face-off versus Rich Peverley in Flyers zone.
6:21 of 2nd period - Kyle Brodziak is hit by Chris Kunitz.
6:33 of 2nd period - Shot by Tobias Enstrom.
6:33 of 2nd period - Stopped by Tomas Vokoun without a rebound.
6:34 of 2nd period - Tim Connolly wins face-off versus Rich Peverley in Flyers zone.
8:19 of 2nd period - Shot by Ilya Kovalchuk.
8:19 of 2nd period - Stopped by Cam Ward without a rebound.
8:20 of 2nd period - Gregory Campbell wins face-off versus Raffi Torres in Bruins zone.
8:20 of 2nd period - Gregory Campbell is hit by Raffi Torres.
8:52 of 2nd period - Shot by Gregory Campbell.
8:52 of 2nd period - Shot Misses the Net.
8:54 of 2nd period - Shot by Chris Kelly.
8:54 of 2nd period - Shot Misses the Net.
9:13 of 2nd period - Icing by Dennis Seidenberg.
9:14 of 2nd period - Chris Kelly wins face-off versus Justin Williams in Bruins zone.
9:26 of 2nd period - Icing by Ladislav Smid.
9:27 of 2nd period - David Krejci wins face-off versus Tim Connolly in Flyers zone.
10:12 of 2nd period - Shot by Brendan Morrison.
10:12 of 2nd period - Stopped by Cam Ward without a rebound.
10:13 of 2nd period - Derick Brassard wins face-off versus Kyle Brodziak in Bruins zone.
10:21 of 2nd period - Minor Penalty to Milan Lucic for Hooking.
10:22 of 2nd period - Nathan Horton wins face-off versus Brendan Morrison in Bruins zone.
10:22 of 2nd period - Nathan Horton is hit by Nikolai Kulemin.
10:23 of 2nd period - Nathan Horton from Bruins is injured at 10:23 of 2nd period (Bruised Right Foot).
10:24 of 2nd period - Rich Peverley wins face-off versus Brendan Morrison in Bruins zone.
10:24 of 2nd period - Rich Peverley is hit by Brendan Morrison.
10:58 of 2nd period - Shot by Rich Peverley.
10:58 of 2nd period - Shot Misses the Net.
11:01 of 2nd period - Icing by Randy Jones.
11:02 of 2nd period - Rich Peverley wins face-off versus Brendan Morrison in Flyers zone.
11:02 of 2nd period - Rich Peverley is hit by Randy Jones.
11:47 of 2nd period - Shot by Justin Williams.
11:47 of 2nd period - Stopped by Cam Ward without a rebound.
11:48 of 2nd period - Tim Connolly wins face-off versus Tyler Seguin in Bruins zone.
11:51 of 2nd period - Shot by Justin Williams.
11:51 of 2nd period - Shot Misses the Net.
11:53 of 2nd period - Shot by Andrej Sekera.
11:53 of 2nd period - Stopped by Cam Ward without a rebound.
11:54 of 2nd period - Tim Connolly wins face-off versus Tyler Seguin in Bruins zone.
12:09 of 2nd period - Shot by Justin Williams.
12:09 of 2nd period - Deflect By Matt DAgostini.
12:09 of 2nd period - Shot Misses the Net.
12:11 of 2nd period - Shot by Rostislav Klesla.
12:11 of 2nd period - Stopped by Cam Ward without a rebound.
12:12 of 2nd period - Brendan Morrison wins face-off versus Rich Peverley in Bruins zone.
12:29 of 2nd period - Shot by Lee Stempniak.
12:29 of 2nd period - Shot Misses the Net.
13:03 of 2nd period - Rostislav Klesla is hit by Chris Kunitz and loses puck.
13:13 of 2nd period - Off-side.
13:14 of 2nd period - Tim Connolly wins face-off versus Rich Peverley in neutral zone.
13:16 of 2nd period - Off-side.
13:17 of 2nd period - Tim Connolly wins face-off versus Gregory Campbell in neutral zone.
13:58 of 2nd period - Shot by Justin Williams.
13:58 of 2nd period - Stopped by Cam Ward with a rebound.
14:00 of 2nd period - Shot by Andrej Sekera.
14:00 of 2nd period - Shot Blocked by Dennis Seidenberg.
14:18 of 2nd period - Brad Marchand is hit by Pascal Dupuis and loses puck.
14:40 of 2nd period - Shot by Rich Peverley.
14:40 of 2nd period - Stopped by Tomas Vokoun without a rebound.
14:41 of 2nd period - Brendan Morrison wins face-off versus David Krejci in Flyers zone.
16:23 of 2nd period - Shot by Dennis Seidenberg.
16:23 of 2nd period - Stopped by Tomas Vokoun without a rebound.
16:24 of 2nd period - Kyle Brodziak wins face-off versus Derick Brassard in Flyers zone.
16:30 of 2nd period - Shot by Pascal Dupuis.
16:30 of 2nd period - Deflect By Kyle Brodziak.
16:30 of 2nd period - Stopped by Cam Ward with a rebound.
16:32 of 2nd period - Shot by Marc-Andre Bergeron.
16:32 of 2nd period - Goal by Marc-Andre Bergeron - Bruins : 2 - Flyers : 3.
16:33 of 2nd period - Kyle Brodziak wins face-off versus David Krejci in neutral zone.
16:55 of 2nd period - Chris Kunitz is hit by Randy Jones.
17:24 of 2nd period - Chris Kelly is hit by Randy Jones and loses puck.
18:19 of 2nd period - Rich Peverley is hit by Marc-Andre Bergeron and loses puck.
18:36 of 2nd period - Shot by Zdeno Chara.
18:36 of 2nd period - Shot Misses the Net.
19:11 of 2nd period - Shot by Ilya Kovalchuk.
19:11 of 2nd period - Shot Misses the Net.
19:13 of 2nd period - Shot by Ilya Kovalchuk.
19:13 of 2nd period - Stopped by Cam Ward with a rebound.
19:17 of 2nd period - Shot by Ilya Kovalchuk.
19:17 of 2nd period - Stopped by Cam Ward without a rebound.
19:18 of 2nd period - Derick Brassard wins face-off versus Tim Connolly in Bruins zone.
19:34 of 2nd period - Minor Penalty to Dennis Seidenberg for Tripping.
19:35 of 2nd period - Tim Connolly wins face-off versus Rich Peverley in Bruins zone.

Period #3

0:01 of 3rd period - Brendan Morrison wins face-off versus Rich Peverley in neutral zone.
0:03 of 3rd period - Minor Penalty to Adam McQuaid for Interference.
0:04 of 3rd period - Matt DAgostini wins face-off versus Chris Kelly in Bruins zone.
0:07 of 3rd period - Shot by Andrej Sekera.
0:07 of 3rd period - Stopped by Cam Ward without a rebound.
0:08 of 3rd period - Brendan Morrison wins face-off versus Chris Kelly in Bruins zone.
0:27 of 3rd period - Shot by Marc-Andre Bergeron.
0:27 of 3rd period - Stopped by Cam Ward without a rebound.
0:28 of 3rd period - Tim Connolly wins face-off versus Tyler Seguin in Bruins zone.
0:33 of 3rd period - Shot by Tim Connolly.
0:33 of 3rd period - Stopped by Cam Ward with a rebound.
1:30 of 3rd period - Icing by Ilya Kovalchuk.
1:31 of 3rd period - Chris Kelly wins face-off versus Brendan Morrison in Flyers zone.
1:31 of 3rd period - Chris Kelly is hit by Chris Pronger.
1:38 of 3rd period - Icing by Marc-Andre Bergeron.
1:39 of 3rd period - Brendan Morrison wins face-off versus Rich Peverley in Flyers zone.
1:53 of 3rd period - Shot by Chris Pronger.
1:53 of 3rd period - Shot Misses the Net.
1:55 of 3rd period - Shot by Nikolai Kulemin.
1:55 of 3rd period - Goal by Nikolai Kulemin - Bruins : 2 - Flyers : 4.
1:56 of 3rd period - David Krejci wins face-off versus Kyle Brodziak in neutral zone.
1:59 of 3rd period - Shot by Chris Kunitz.
1:59 of 3rd period - Shot Misses the Net.
2:01 of 3rd period - Shot by Zach Bogosian.
2:01 of 3rd period - Stopped by Tomas Vokoun without a rebound.
2:02 of 3rd period - Tyler Seguin wins face-off versus Tim Connolly in Flyers zone.
2:09 of 3rd period - Shot by Gregory Campbell.
2:09 of 3rd period - Stopped by Tomas Vokoun without a rebound.
2:10 of 3rd period - Kyle Brodziak wins face-off versus Rich Peverley in Flyers zone.
2:17 of 3rd period - Zdeno Chara is hit by Pascal Dupuis and loses puck.
2:22 of 3rd period - Shot by Brandon McMillan.
2:22 of 3rd period - Stopped by Cam Ward with a rebound.
2:24 of 3rd period - Shot by Pascal Dupuis.
2:24 of 3rd period - Shot Blocked by Jordan Leopold.
2:26 of 3rd period - Shot by Brandon McMillan.
2:26 of 3rd period - Stopped by Cam Ward with a rebound.
2:28 of 3rd period - Shot by Pascal Dupuis.
2:28 of 3rd period - Shot Misses the Net.
2:30 of 3rd period - Shot by Pascal Dupuis.
2:30 of 3rd period - Stopped by Cam Ward without a rebound.
2:31 of 3rd period - Nikolai Kulemin wins face-off versus Chris Kelly in Bruins zone.
2:41 of 3rd period - Icing by Gregory Campbell.
2:42 of 3rd period - Chris Kelly wins face-off versus Tim Connolly in Bruins zone.
3:39 of 3rd period - Off-side.
3:40 of 3rd period - David Krejci wins face-off versus Brendan Morrison in neutral zone.
4:33 of 3rd period - Rostislav Klesla is hit by Brad Marchand and loses puck.
4:52 of 3rd period - Shot by Brandon McMillan.
4:52 of 3rd period - Shot Blocked by Jordan Leopold.
4:57 of 3rd period - Icing by Jordan Leopold.
4:58 of 3rd period - Rich Peverley wins face-off versus Kyle Brodziak in Bruins zone.
5:23 of 3rd period - Evander Kane is hit by Brandon McMillan and loses puck.
6:05 of 3rd period - Shot by Andrej Sekera.
6:05 of 3rd period - Shot Blocked by Zdeno Chara.
6:09 of 3rd period - Shot by Tim Connolly.
6:09 of 3rd period - Stopped by Cam Ward with a rebound.
6:11 of 3rd period - Shot by Tim Connolly.
6:11 of 3rd period - Shot Blocked by Zdeno Chara.
6:13 of 3rd period - Shot by Andrej Sekera.
6:13 of 3rd period - Stopped by Cam Ward without a rebound.
6:14 of 3rd period - John Madden wins face-off versus David Krejci in Bruins zone.
7:12 of 3rd period - Chris Kunitz is hit by Ladislav Smid and loses puck.
7:25 of 3rd period - Shot by Matt DAgostini.
7:25 of 3rd period - Shot Blocked by Tyler Seguin.
8:21 of 3rd period - Shot by Brendan Morrison.
8:21 of 3rd period - Deflect By Ilya Kovalchuk.
8:21 of 3rd period - Stopped by Cam Ward with a rebound.
8:25 of 3rd period - Shot by Brendan Morrison.
8:25 of 3rd period - Stopped by Cam Ward without a rebound.
8:26 of 3rd period - Brandon McMillan wins face-off versus Derick Brassard in Bruins zone.
8:36 of 3rd period - Kyle Brodziak is hit by Zach Bogosian and loses puck.
8:47 of 3rd period - Shot by Pascal Dupuis.
8:47 of 3rd period - Shot Blocked by Derick Brassard.
9:02 of 3rd period - Minor Penalty to Milan Lucic for Hooking.
9:03 of 3rd period - Brendan Morrison wins face-off versus Rich Peverley in Bruins zone.
9:12 of 3rd period - Shot by Ilya Kovalchuk.
9:12 of 3rd period - Stopped by Cam Ward with a rebound.
9:16 of 3rd period - Shot by Ilya Kovalchuk.
9:16 of 3rd period - Goal by Ilya Kovalchuk - Bruins : 2 - Flyers : 5.
9:17 of 3rd period - John Madden wins face-off versus David Krejci in neutral zone.
9:35 of 3rd period - Icing by Lee Stempniak.
9:36 of 3rd period - Rich Peverley wins face-off versus John Madden in Flyers zone.
9:38 of 3rd period - Minor Penalty to Rostislav Klesla for Hooking.
9:39 of 3rd period - Rich Peverley wins face-off versus John Madden in Flyers zone.
10:30 of 3rd period - Minor Penalty to Ladislav Smid for Hooking.
10:31 of 3rd period - John Madden wins face-off versus Tyler Seguin in Flyers zone.
10:40 of 3rd period - Shot by Dennis Seidenberg.
10:40 of 3rd period - Stopped by Tomas Vokoun without a rebound.
10:41 of 3rd period - Pascal Dupuis wins face-off versus Rich Peverley in Flyers zone.
10:50 of 3rd period - Shot by Zdeno Chara.
10:50 of 3rd period - Shot Misses the Net.
10:57 of 3rd period - Icing by Rich Peverley.
10:58 of 3rd period - Rich Peverley wins face-off versus John Madden in Bruins zone.
11:05 of 3rd period - Shot by Chris Kunitz.
11:05 of 3rd period - Goal by Chris Kunitz - Bruins : 3 - Flyers : 5.
11:06 of 3rd period - Tyler Seguin wins face-off versus Lee Stempniak in neutral zone.
11:15 of 3rd period - Shot by Milan Lucic.
11:15 of 3rd period - Shot Misses the Net.
12:34 of 3rd period - Shot by Milan Lucic.
12:34 of 3rd period - Shot Blocked by Ladislav Smid.
13:07 of 3rd period - Shot by Tim Connolly.
13:07 of 3rd period - Shot Blocked by Dennis Seidenberg.
13:09 of 3rd period - Shot by Tim Connolly.
13:09 of 3rd period - Shot Misses the Net.
13:44 of 3rd period - Shot by Brendan Morrison.
13:44 of 3rd period - Shot Misses the Net.
13:46 of 3rd period - Shot by Chris Pronger.
13:46 of 3rd period - Shot Misses the Net.
13:50 of 3rd period - Shot by Ilya Kovalchuk.
13:50 of 3rd period - Stopped by Cam Ward without a rebound.
13:51 of 3rd period - Kyle Brodziak wins face-off versus Rich Peverley in Bruins zone.
14:00 of 3rd period - Brandon McMillan is hit by Evander Kane and loses puck.
14:13 of 3rd period - Shot by Pascal Dupuis.
14:13 of 3rd period - Shot Misses the Net.
14:15 of 3rd period - Shot by Pascal Dupuis.
14:15 of 3rd period - Shot Misses the Net.
14:17 of 3rd period - Shot by Randy Jones.
14:17 of 3rd period - Goal by Randy Jones - Bruins : 3 - Flyers : 6.
14:18 of 3rd period - David Krejci wins face-off versus Matt DAgostini in neutral zone.
14:24 of 3rd period - Off-side.
14:25 of 3rd period - Rich Peverley wins face-off versus Tim Connolly in neutral zone.
14:44 of 3rd period - Shot by Justin Williams.
14:44 of 3rd period - Stopped by Cam Ward without a rebound.
14:45 of 3rd period - David Krejci wins face-off versus Brendan Morrison in Bruins zone.
15:01 of 3rd period - Shot by David Krejci.
15:01 of 3rd period - Stopped by Tomas Vokoun with a rebound.
15:19 of 3rd period - Shot by Brendan Morrison.
15:19 of 3rd period - Shot Blocked by Zach Bogosian.
15:37 of 3rd period - Icing by Andrej Sekera.
15:38 of 3rd period - Chris Kelly wins face-off versus Tim Connolly in Flyers zone.
15:45 of 3rd period - Shot by Tyler Seguin.
15:45 of 3rd period - Stopped by Tomas Vokoun without a rebound.
15:46 of 3rd period - Kyle Brodziak wins face-off versus Rich Peverley in Flyers zone.
16:11 of 3rd period - Shot by Evander Kane.
16:11 of 3rd period - Shot Blocked by Marc-Andre Bergeron.
16:45 of 3rd period - Adam McQuaid is hit by Ladislav Smid and loses puck.
16:53 of 3rd period - Andrej Sekera is hit by Tyler Seguin and loses puck.
16:57 of 3rd period - Off-side.
16:58 of 3rd period - Brendan Morrison wins face-off versus Derick Brassard in neutral zone.
18:46 of 3rd period - Shot by Brandon McMillan.
18:46 of 3rd period - Shot Blocked by Dennis Seidenberg.
19:55 of 3rd period - Shot by Brendan Morrison.
19:55 of 3rd period - Stopped by Cam Ward with a rebound.
19:59 of 3rd period - Shot by Ilya Kovalchuk.
19:59 of 3rd period - Shot Blocked by Tobias Enstrom.


Output by the SimonT Hockey Simulator (STHS) for Stephane Roy -- Original Page W3C XHTML 1.0 Valid